Map: Orbital Shipyard

Players

Javert - Winner!

  • Race: Zerg Zerg
  • League: Platinum

Kvothe

  • Race: Zerg Zerg
  • League: Silver

VOD

Have the link to the VOD?

Description

Time

  • Played on: Aug. 22, 2015, 9:48 p.m.
  • Length: 16:59
Show
View Real Time Build Order
Export as new Build Order

Javert Zerg - Winner!

Build Orders: Pool First, Lurkers 

Get SALT Encoding   

  12  0:01  Drone  
  13  0:11  Drone  
  14  0:22  Extractor  
  14  0:23  Extractor  
  14  0:24  Drone x2  
  15  0:28  Overlord  
  15  0:49  Drone, Spawning Pool  
  15  0:53  Drone  
  16  1:03  Drone  
  17  1:11  Drone  
  19  1:18  Drone  
  19  1:36  Roach Warren  
  19  1:37  Queen  
  20  1:41  Overlord  
  20  1:57  Overlord  
  20  2:17  Roach x3  
  20  2:18  Burrow  
  26  2:28  Roach  
  28  2:40  Roach  
  30  2:44  Overlord  
  30  2:46  Roach  
  30  2:50  Roach  
  34  3:04  Hatchery  
  33  3:09  Roach  
  35  3:14  Roach  
  37  3:20  Overlord  
  37  3:27  Drone  
  38  3:38  Roach x2  
  38  3:40  Drone  
  38  3:41  Drone  
  36  4:08  Drone x3  
  35  4:18  Metabolic Boost, Drone  
  35  4:22  Drone x2  
  38  4:30  Queen  
  40  4:37  Drone x2  
  40  4:38  Drone x2  
  44  4:52  Roach x3  
  52  4:53  Roach x2  
  54  5:03  Extractor  
  53  5:14  Drone x3  
  53  5:15  Drone  
  57  5:22  Overlord  
  57  5:24  Hatchery, Queen  
  58  5:29  Overlord  
  58  5:39  Drone x2  
  60  5:44  Overlord  
  60  5:49  Drone x2  
  62  5:50  Baneling Nest  
  61  6:00  Roach x2  
  61  6:01  Roach x2  
  69  6:07  Overlord  
  69  6:16  Drone  
  69  6:17  Lair, Drone  
  71  6:24  Drone  
  72  6:38  Extractor  
  72  6:39  Roach, Extractor  
  80  6:40  Roach x5  
  80  6:43  Drone  
  81  6:50  Roach x2  
  85  6:54  Overlord  
  85  7:02  Drone x5  
  90  7:12  Overlord x2  
  90  7:14  Glial Reconstitution  
  90  7:17  Evolution Chamber  
  90  7:21  Drone  
  90  7:22  Drone x4  
  94  7:29  Overlord  
  94  7:30  Drone x3  
  94  7:32  Extractor  
  94  7:34  Extractor  
  94  7:35  Drone x3  
  98  7:37  Hydralisk Den  
  97  7:50  Drone x2  
  97  7:51  Zerg Missile Weapons Level 1, Drone x3  
  102  7:54  Lurker Den  
  102  8:01  Drone x4  
  102  8:03  Overlord x3  
  106  8:19  Overlord  
  106  8:20  Drone x3  
  106  8:21  Drone x3  
  106  8:23  Overseer  
  112  8:27  Overlord  
  112  8:28  Drone  
  112  8:33  Evolution Chamber  
  112  8:47  Overlord x2  
  112  8:49  Hydralisk x2  
  112  8:50  Hydralisk x4  
  124  8:55  Hydralisk  
  124  8:56  Hydralisk  
  124  9:00  Zerg Ground Armor Level 1  
  128  9:21  Lurker x6  
  134  9:25  Lurker  
  134  9:28  Spore Crawler  
  134  9:29  Drone x6  
  134  9:30  Drone x2  
  142  9:33  Overlord x2  
  142  9:34  Lurker  
  143  9:41  Overlord x2  
  143  9:47  Queen  
  143  9:50  Zerg Missile Weapons Level 2  
  145  9:54  Hatchery  
  145  9:55  Extractor  
  145  9:56  Overlord x2  
  145  9:59  Overlord  
  143  10:11  Ravager  
  143  10:12  Ravager x4  
  148  10:15  Drone x9  
  148  10:16  Drone x2  
  159  10:29  Overseer x2  
  159  10:30  Overseer x4  
  159  10:33  Overlord x3  
  159  10:34  Drone x3  
  159  10:35  Drone  
  163  10:38  Overlord x2  
  163  10:40  Overlord  
  163  10:52  Pneumatized Carapace  
  160  11:14  Hydralisk  
  160  11:15  Hydralisk x10  
  160  11:18  Extractor  
  178  11:36  Overlord  
  172  11:42  Hydralisk  
  172  11:43  Hydralisk x7  
  188  11:54  Hydralisk x3  
  191  12:11  Lurker x3  
  194  12:19  Drone x4  
  198  12:25  Spine Crawler  
  198  12:27  Overlord, Spine Crawler x2  
  198  12:28  Spine Crawler x2  
  193  12:33  Extractor  
  193  12:34  Hatchery  
  188  12:38  Extractor  
  188  12:39  Hatchery, Extractor  
  188  12:41  Extractor  
  180  12:46  Hydralisk x4  
  180  12:47  Hydralisk x5  
  180  12:51  Roach x5  
  156  13:05  Roach x7  
  152  13:06  Roach x3  
  141  13:30  Roach x6  
  141  13:31  Roach x6  
  165  13:34  Lurker  
  165  13:35  Lurker x8  
  165  13:41  Overlord x2  
  174  13:46  Drone x2  
  150  14:25  Roach x5  
  150  14:26  Roach x4  
  165  14:36  Zerg Ground Armor Level 2  
  165  14:37  Zerg Melee Weapons Level 1  
  165  14:39  Infestation Pit  
  164  14:48  Hydralisk x3  
  164  14:49  Hydralisk x5  
  180  14:58  Hatchery  
  180  14:59  Hatchery  
  169  15:01  Hydralisk x7  
  169  15:02  Hatchery  
  180  15:12  Spine Crawler x2  
  163  15:25  Hydralisk  
  163  15:26  Hydralisk x7  
  167  15:37  Hydralisk x5  
  165  15:50  Hydralisk  
  165  15:51  Hydralisk x2  
  165  15:56  Hydralisk  
  165  15:57  Hydralisk x17  
  188  16:18  Hydralisk  
  188  16:19  Hydralisk x5  
  200  16:26  Overlord x3  
Show
View Real Time Build Order
Export as new Build Order

Kvothe Zerg 

Build Orders: Hatch First, Lurkers 

Get SALT Encoding   

  12  0:03  Drone  
  13  0:10  Drone  
  14  0:17  Overlord  
  14  0:37  Drone x3  
  17  0:49  Drone  
  18  1:00  Hatchery  
  17  1:10  Drone  
  18  1:17  Spawning Pool  
  17  1:20  Drone, Extractor  
  17  1:21  Drone  
  18  1:33  Drone  
  19  1:48  Overlord  
  19  2:04  Zergling x4  
  19  2:06  Spine Crawler  
  19  2:07  Queen  
  22  2:15  Roach Warren  
  21  2:22  Queen  
  22  2:28  Metabolic Boost  
  22  2:45  Queen  
  24  3:01  Roach x4  
  32  3:12  Overlord  
  32  3:19  Overlord  
  32  3:39  Roach x2  
  32  3:40  Roach x2  
  38  4:06  Drone x6  
  38  4:07  Drone  
  45  4:18  Lair  
  45  4:36  Spore Crawler  
  44  4:40  Roach x2  
  44  4:41  Roach  
  48  4:47  Queen  
  50  5:03  Drone x2  
  50  5:05  Overlord x2  
  52  5:13  Extractor  
  51  5:25  Hatchery  
  50  5:36  Overlord  
  50  5:43  Overseer  
  50  5:59  Drone  
  50  6:00  Drone x7  
  50  6:01  Drone x3  
  61  6:05  Pneumatized Carapace  
  61  6:10  Extractor  
  60  6:21  Drone  
  60  6:22  Drone x2  
  60  6:23  Drone x2  
  60  6:24  Glial Reconstitution  
  65  6:39  Roach x3  
  71  6:47  Drone x2  
  71  6:48  Drone  
  71  6:49  Extractor  
  73  7:00  Drone x3  
  76  7:04  Drone x6  
  82  7:08  Overlord x2  
  82  7:22  Overlord  
  82  7:36  Drone x3  
  85  7:37  Overlord x2  
  85  7:43  Hydralisk Den  
  84  7:55  Evolution Chamber  
  84  7:57  Evolution Chamber  
  82  8:13  Drone x5  
  82  8:14  Drone x2  
  89  8:20  Hatchery, Lurker Den  
  89  8:21  Drone x8, Extractor  
  89  8:22  Extractor  
  94  8:37  Roach  
  94  8:38  Roach x8  
  112  8:42  Hatchery  
  112  8:48  Drone x3  
  114  8:51  Overseer x2  
  114  8:53  Overlord  
  114  8:57  Zerg Missile Weapons Level 1, Zerg Ground Armor Level 1  
  114  8:59  Ravager x4  
  114  9:01  Overlord x2  
  118  9:15  Hydralisk  
  118  9:16  Hydralisk x5  
  130  9:25  Overlord, Hydralisk x2  
  134  9:49  Overlord  
  134  9:55  Hydralisk x3  
  134  9:56  Hydralisk x9  
  158  10:10  Hydralisk x4  
  158  10:14  Overlord x3  
  166  10:42  Infestation Pit  
  165  10:52  Hatchery, Lurker x3  
  165  10:53  Lurker x3  
  126  11:33  Roach  
  126  11:34  Roach x17  
  162  11:42  Hydralisk  
  162  11:43  Hydralisk x6  
  138  11:55  Hydralisk x4  
  146  12:05  Overlord x2  
  146  12:19  Hive  
  146  12:24  Spire  
  146  12:29  Zergling x2  
  147  12:30  Zergling x38  
  159  12:54  Extractor  
  159  12:55  Muscular Augments, Extractor  
  84  13:15  Hydralisk x10  
  84  13:16  Hydralisk x5  
  95  13:36  Zergling x2  
  95  13:37  Zergling x22  
  107  13:49  Lurker x4  
  111  14:05  Greater Spire  
  69  14:21  Mutalisk x4  
  69  14:22  Mutalisk x2  
  69  14:23  Roach x3  
  70  14:41  Mutalisk  
  70  14:42  Mutalisk  
  70  14:43  Zergling x16  
  55  15:08  Mutalisk x2  
  55  15:09  Zergling x10  
  61  15:35  Roach x2  
  50  15:36  Roach x4  
  45  15:59  Drone x6  
Tags
 
Add a new tag
Caveats
  • Supply blocks, unpowered buildings, or Contaminate may cause inaccurate times.
  • Supply counts are checked every 10 seconds.